 Dungeon Crawl Stone Soup version 0.30-a0-571-gdf30a72648 (webtiles) character file.

Game seed: 12419970349356131602

46 Jase the Trooper (level 3, -11/35 HPs)
             Began as a Gnoll Wanderer on Dec 30, 2022.
             Killed by divine providence
             ... invoked by an orc priest
              (16 damage)
             ... on level 2 of the Dungeon.
             The game lasted 00:02:33 (759 turns).

Jase the Trooper (Gnoll Wanderer)                    Turns: 759, Time: 00:02:34

Health: -11/35     AC:  7    Str: 13    XL:     3   Next: 66%
Magic:  7/7        EV:  9    Int:  9    God:
Gold:   28         SH:  0    Dex: 13    Spells: 7/7 levels left

rFire   . . .      SeeInvis .    a - +2 short sword (venom)
rCold   . . .      Faith    .    (no shield)
rNeg    . . .      Spirit   .    c - +0 scale mail
rPois   .          Reflect  .    (no helmet)
rElec   .          Harm     .    (no cloak)
rCorr   .          Rampage  .    (no gloves)
Will    .....                    (no boots) Stlth
                                 (no amulet)
HPRegen 0.25/turn                (no ring)
MPRegen 0.10/turn                (no ring)

@: no status effects
A: fangs 1, strong nose, distributed training
a: no special abilities


You were on level 2 of the Dungeon.
You visited 1 branch of the dungeon, and saw 2 of its levels.

You collected 28 gold pieces.

Inventory:

Hand Weapons
 a - a +2 short sword of venom (weapon)
Missiles
 j - 4 poisoned darts
Armour
 c - a +0 scale mail (worn)
Wands
 b - a wand of polymorph (17) (quivered)
Scrolls
 e - a scroll of acquirement {unknown}
 f - a scroll of enchant armour {unknown}
 i - 3 scrolls of teleportation {unknown}
Potions
 d - a potion of berserk rage
 g - a potion of heal wounds {unknown}
 h - a potion of might {unknown}
 k - a potion of curing {unknown}


   Skills:
 + Level 6.5 Fighting
 + Level 1.0 Short Blades
 + Level 1.0 Long Blades
 + Level 2.6 Axes
 + Level 1.0 Maces & Flails
 + Level 1.0 Polearms
 + Level 1.0 Staves
 + Level 1.0 Ranged Weapons
 + Level 1.0 Throwing
 + Level 4.6 Armour
 + Level 1.0 Dodging
 + Level 1.0 Stealth
 + Level 1.0 Shields
 + Level 1.0 Unarmed Combat
 + Level 2.9 Spellcasting
 + Level 0.7 Conjurations
 + Level 0.7 Hexes
 + Level 0.7 Summonings
 + Level 0.7 Necromancy
 + Level 0.7 Translocations
 + Level 0.7 Transmutations
 + Level 0.7 Fire Magic
 + Level 0.7 Ice Magic
 + Level 0.7 Air Magic
 + Level 0.7 Earth Magic
 + Level 0.7 Poison Magic
 + Level 2.7 Invocations
 + Level 4.6 Evocations


You had 7 spell levels left.
You didn't know any spells.
Your spell library was empty.

Dungeon Overview and Level Annotations

Branches:
Dungeon (2/15)

Altars:

Shops:
D:1 [!*


Innate Abilities, Weirdness & Mutations

You have very sharp teeth.
Your uncanny sense of smell can sniff out nearby items.
Your experience applies equally to all skills.


Message History

The orc is severely wounded.
The orc hits you but does no damage.
You closely miss the orc.
The orc is severely wounded.
The orc barely misses you.
An orc comes into view. It is wielding a +0 mace.
You barely miss the orc.
The orc is severely wounded.
The orc hits you with a +0 hand axe.
You hit the orc.
You kill the orc!
The orc priest invokes the aid of Beogh against you.
Beogh smites you!
You are too injured to fight recklessly!
You are too injured to fight recklessly!
You are too injured to fight recklessly!
You closely miss the orc. The orc completely misses you.
You hit the orc.
The orc is poisoned.
You bite the orc.
The orc is severely wounded.
The orc priest mumbles some strange prayers to Beogh against you.
Beogh smites you!
* * * LOW HITPOINT WARNING * * *
The orc hits you but does no damage.
You hit the orc.
You kill the orc!
Your Short Blades skill increases to level 1!
Your Long Blades skill increases to level 1!
Your Maces & Flails skill increases to level 1!
Your Polearms skill increases to level 1!
Your Staves skill increases to level 1!
Your Ranged Weapons skill increases to level 1!
Your Throwing skill increases to level 1!
Your Dodging skill increases to level 1!
Your Stealth skill increases to level 1!
Your Shields skill increases to level 1!
Your Unarmed Combat skill increases to level 1!
You closely miss the orc priest.
The orc priest calls down the wrath of Beogh upon you.
Beogh smites you!
You die...

###
###############.#
.....oo@..?#<...#
##########.####†#
#......# ########
∆


You could see an orc priest and an orc.

Vanquished Creatures
  A gnoll (D:1)
  An adder (D:2)
  3 orcs (D:2)
  A ball python (D:1)
  3 endoplasms (D:1)
  2 goblins (D:1)
  2 hobgoblins (D:1)
  3 quokkas (D:1)
  4 bats (D:1)
  3 kobolds (D:1)
23 creatures vanquished.

Notes
Turn   | Place    | Note
-------+----------+-------------------------------------------
     0 | D:1      | Jase the Gnoll Wanderer began the quest for the Orb.
     0 | D:1      | Jase set off with the following items: a +0 hand axe, a
                  | wand of polymorph (17), a +0 scale mail, a potion of
                  | berserk rage.
     0 | D:1      | Reached XP level 1. HP: 23/23 MP: 4/4
    70 | D:1      | Reached XP level 2. HP: 15/29 MP: 5/5
   358 | D:1      | Reached XP level 3. HP: 35/35 MP: 7/7
   376 | D:1      | Found Omaemug's Jewellery Shop.
   446 | D:1      | Found Zol Somn's Armour Shoppe.
   611 | D:1      | Found Qant's General Store.
   642 | D:1      | Found Famuzeg's Distillery.
   759 | D:2      | Reached skill level 1 in Short Blades
   759 | D:2      | Reached skill level 1 in Long Blades
   759 | D:2      | Reached skill level 1 in Maces & Flails
   759 | D:2      | Reached skill level 1 in Polearms
   759 | D:2      | Reached skill level 1 in Staves
   759 | D:2      | Reached skill level 1 in Ranged Weapons
   759 | D:2      | Reached skill level 1 in Throwing
   759 | D:2      | Reached skill level 1 in Dodging
   759 | D:2      | Reached skill level 1 in Stealth
   759 | D:2      | Reached skill level 1 in Shields
   759 | D:2      | Reached skill level 1 in Unarmed Combat
   759 | D:2      | Killed from afar by an orc priest

Illustrated notes

Levels and vault maps discovered:
D:1:      onia_arrival_pyramid, layout_basic, serial_shops,
          nicolae_shop_behind_doors, nicolae_shop_waterfront,
          nicolae_shop_stone, nicolae_shop_waterfront, hangedman_decor_points
D:2:      layout_basic, basic_altar, uniq_natasha

Skill      XL: |  1  2  3 |
---------------+----------+-----
Short Blades   | 1 |  1.0
Long Blades    | 1 |  1.0
Maces & Flails | 1 |  1.0
Polearms       | 1 |  1.0
Staves         | 1 |  1.0
Ranged Weapons | 1 |  1.0
Throwing       | 1 |  1.0
Dodging        | 1 |  1.0
Stealth        | 1 |  1.0
Shields        | 1 |  1.0
Unarmed Combat | 1 |  1.0
Fighting       | |  6.5
Axes           | |  2.6
Armour         | |  4.6
Spellcasting   | |  2.9
Conjurations   | |  0.7
Hexes          | |  0.7
Summonings     | |  0.7
Necromancy     | |  0.7
Translocations | |  0.7
Transmutations | |  0.7
Fire Magic     | |  0.7
Ice Magic      | |  0.7
Air Magic      | |  0.7
Earth Magic    | |  0.7
Poison Magic   | |  0.7
Invocations    | |  2.7
Evocations     | |  4.6

Action                   || total
-------------------------++-------
Melee: Hand axe          ||    43
       Short sword       ||    32
       Bite              ||     7
       Punch             ||     1
Armor: Scale mail        ||    33
Dodge: Dodged            ||    37

Table legend: (Time is in decaauts)
 A = Elapsed time spent in this place.
 B = Non-inter-level travel time spent in this place.
 C = Inter-level travel time spent in this place.
 D = Time resting spent in this place.
 E = Time spent auto-exploring this place.
 F = Levels seen in this place.
 G = Mean time per level.
                   A        B        C        D        E       F      G
               +--------+--------+--------+--------+--------+-----+--------+
         Total |    766 |    752 |     14 |     54 |    518 |   2 |  383.0 |
       Dungeon |    766 |    752 |     14 |     54 |    518 |   2 |  383.0 |
               +--------+--------+--------+--------+--------+-----+--------+

Top non-repeatable levels by time:
     D:1: 676 daAuts
     D:2: 90 daAuts
